 Dungeon Crawl Stone Soup version 0.30-a0-354-g6b83867211 (webtiles) character file.

Game seed: 15704353310693454956

218 Maxmaps the Cudgeller (level 5, -2/54 HPs)
             Began as an Ogre Monk on Nov 8, 2022.
             Slain by a gnoll
             ... wielding a +1 vorpal flail
              (4 damage)
             ... on level 4 of the Dungeon.
             The game lasted 00:03:30 (3673 turns).

Maxmaps the Cudgeller (Ogre Monk)                   Turns: 3673, Time: 00:03:31

Health: -2/54      AC:  3    Str: 15    XL:     5   Next: 95%
Magic:  14/14      EV: 10    Int: 13    God:
Gold:   199        SH:  0    Dex: 11    Spells: 4/4 levels left

rFire   . . .      SeeInvis .    o - +0 flail
rCold   . . .      Faith    .    (no shield)
rNeg    . . .      Spirit   .    b - +0 robe
rPois   .          Reflect  .    (helmet restricted)
rElec   .          Harm     .    (no cloak)
rCorr   .          Rampage  .    (gloves unavailable)
Will    .....                    (boots unavailable)
Stlth   ++........               m - amulet of magic regeneration
HPRegen 0.29/turn                g - ring of magical power
MPRegen 0.54/turn                (no ring)

@: no status effects
A: large, unfitting armour, tough skin 1
a: no special abilities


You were on level 4 of the Dungeon.
You visited 1 branch of the dungeon, and saw 4 of its levels.

You collected 199 gold pieces.

Inventory:

Hand Weapons
 a - a +0 mace
 o - a +0 flail (weapon)
Armour
 b - a +0 robe (worn)
Jewellery
 g - a ring of magical power (left hand)
 m - an amulet of magic regeneration (around neck)
Scrolls
 d - 2 scrolls of teleportation
 f - a scroll of identify
Potions
 i - 4 potions of curing
 k - a potion of magic
 l - 2 potions of lignification {unknown}
 n - a potion of flight {unknown}


   Skills:
 - Level 4.0 Fighting
 + Level 5.8 Maces & Flails
 - Level 2.6 Dodging
 - Level 1.4 Stealth


You had 4 spell levels left.
You didn't know any spells.
Your spell library contained the following spells:

 Spells                   Type           Power      Damage    Failure   Level
 Magic Dart               Conj           0%         1d3       30%         1
 Searing Ray              Conj           0%         2d4       43%         2
 Fulminant Prism          Conj/Hex       0%         3d5       97%         4


Dungeon Overview and Level Annotations

Branches:
Dungeon (4/15)
 Temple: D:4-7

Altars:
Wu Jian

Shops:
D:1 [


Innate Abilities, Weirdness & Mutations

You are too large for most types of armour.
You have tough skin. (AC +1)


Message History

The hobgoblin shouts!
A hobgoblin is nearby!
You see here a staff of cold.
You hit the hobgoblin but do no damage. The hobgoblin hits you. x2
You barely miss the hobgoblin. The hobgoblin hits you.
You hit the hobgoblin but do no damage. The hobgoblin hits you.
You hit the hobgoblin.
The hobgoblin is heavily wounded.
The hobgoblin hits you.
You closely miss the hobgoblin.
The hobgoblin is heavily wounded.
The hobgoblin hits you.
You closely miss the hobgoblin.
The hobgoblin is heavily wounded.
The hobgoblin hits you but does no damage.
You hit the hobgoblin.
You kill the hobgoblin!
There are monsters nearby!
You closely miss the gnoll. The gnoll hits you with a +0 flail!
You barely miss the gnoll. You barely miss the gnoll.
The gnoll closely misses you. The gnoll barely misses you.
The gnoll hits you with a +0 flail!
You are too injured to fight recklessly!
You thump the gnoll!
The gnoll is severely wounded.
The gnoll closely misses you. x2
You barely miss the gnoll.
The gnoll is severely wounded.
The gnoll hits you with a +1 vorpal flail.
The gnoll hits you with a +0 flail.
* * * LOW HITPOINT WARNING * * *
The gnoll hits you with a +1 vorpal flail!
* * * LOW HITPOINT WARNING * * *
x2 The gnoll barely misses you.
You see here a hobgoblin corpse.
The gnoll attacks as you move away! The gnoll barely misses you.
The gnoll attacks as you move away! The gnoll barely misses you.
The gnoll attacks as you move away!
The gnoll hits you with a +1 vorpal flail.
You die...

#g# ####### #.#
#.<.).# #.#
#.....######.#
#............# #
#.....######## ..
#..g..# #.
###g### #.### #@#
#....#########.#
##[##...gg.<....#
#.)...g##########
...##...# #...#
......g #####.###
#.


You could see 2 gnolls.

Vanquished Creatures
  An iguana (D:3)
  Robin (D:2)
  3 gnolls
  7 adders
  3 worms
  2 dart slugs (D:1)
  An orc (D:3)
  2 ball pythons
  3 bats (D:1)
  3 endoplasms
  A giant cockroach (D:1)
  14 goblins
  6 hobgoblins
  6 jackals
  4 quokkas
  4 frilled lizards (D:3)
  9 kobolds
  11 rats
81 creatures vanquished.

Notes
Turn   | Place    | Note
-------+----------+-------------------------------------------
     0 | D:1      | Maxmaps the Ogre Monk began the quest for the Orb.
     0 | D:1      | Reached XP level 1. HP: 24/24 MP: 1/1
   130 | D:1      | You fall into a shaft and drop 1 floor!
   150 | D:2      | Reached skill level 3 in Maces & Flails
   329 | D:1      | Reached XP level 2. HP: 24/32 MP: 2/2
   366 | D:1      | Found Mesas's Armour Emporium.
   698 | D:1      | Reached XP level 3. HP: 38/39 MP: 3/3
  1070 | D:1      | Reached skill level 4 in Maces & Flails
  1298 | D:2      | Noticed Robin
  1396 | D:2      | HP: 1/39 [goblin/+0 dagger[Robin] (4)]
  1405 | D:2      | Killed Robin
  1406 | D:2      | Reached XP level 4. HP: 28/48 MP: 4/4
  2243 | D:3      | Reached skill level 5 in Maces & Flails
  2278 | D:3      | Reached XP level 5. HP: 45/54 MP: 5/5
  2500 | D:3      | Found an ornate altar of the Wu Jian Council.
  3671 | D:4      | HP: 2/54 [gnoll/+1 vorpal flail (1)]
  3673 | D:4      | Slain by a gnoll

Illustrated notes

Levels and vault maps discovered:
D:1:      minmay_arrival_loop, layout_basic, serial_co_window_serial,
          co_window_paths_a, co_window_corner_a, co_window_paths_b,
          co_window_of_opportunity_a, co_window_cross_1, co_window_corner_a,
          co_window_paths_a, co_window_unsneaky_path_d, co_window_2corner,
          co_window_of_opportunity_b, co_window_cross_3, co_window_corner_b,
          co_window_corner_ca, glass_columns_a, glass_columns_c,
          glass_columns_a, glass_columns_a, serial_shops, shop_fountains,
          minmay_rat_gold_closets
D:2:      layout_loops_ring, nrook_mini_backslash, uniq_robin
D:3:      layout_rooms, lemuel_coloured_pillars_altar
D:4:      layout_loops_ring, minmay_temple_entry_junction

Skill      XL: |  1  2  3  4 |
---------------+-------------+-----
Maces & Flails | 3 4 5 |  5.8
Fighting       | |  4.0
Dodging        | |  2.6
Stealth        | |  1.4

Action                   |  1- 3 |  4- 6 || total
-------------------------+-------+-------++-------
Melee: Mace              |   144 |   143 ||   287
       Flail             |       |    25 ||    25
       Punch             |       |     1 ||     1
  Use: Potion            |     2 |     3 ||     5
       Scroll            |       |     4 ||     4
 Stab: Sleeping          |     8 |     2 ||    10
Armor: Robe              |    52 |    48 ||   100
Dodge: Dodged            |    95 |   110 ||   205

Table legend: (Time is in decaauts)
 A = Elapsed time spent in this place.
 B = Non-inter-level travel time spent in this place.
 C = Inter-level travel time spent in this place.
 D = Time resting spent in this place.
 E = Time spent auto-exploring this place.
 F = Levels seen in this place.
 G = Mean time per level.
                   A        B        C        D        E       F      G
               +--------+--------+--------+--------+--------+-----+--------+
         Total |   3731 |   3616 |    115 |    779 |   2065 |   4 |  932.8 |
       Dungeon |   3731 |   3616 |    115 |    779 |   2065 |   4 |  932.8 |
               +--------+--------+--------+--------+--------+-----+--------+

Top non-repeatable levels by time:
     D:3: 1165 daAuts
     D:1: 1117 daAuts
     D:2: 1106 daAuts
     D:4: 343 daAuts
